 Dungeon Crawl Stone Soup version 0.29.0-4-gdea44cf6ec (webtiles) character file.

Game seed: 7504840268903243803

4729 qw the Cleaver (level 10, -4/60 HPs)
             Began as a Tengu Warper on Aug 28, 2022.
             Was a Believer of Okawaru.
             Slain by a wolf (6 damage)
             ... on level 1 of the Lair of Beasts.
             The game lasted 00:01:06 (12092 turns).

qw the Cleaver (Tengu Warper)                      Turns: 12092, Time: 00:01:06

Health: -4/60      AC: 19    Str: 15    XL:     10   Next: 46%
Magic:  12/14      EV:  9    Int: 14    God:    Okawaru [**....]
Gold:   409        SH:  0    Dex: 14    Spells: 13/13 levels left

rFire   . . .      SeeInvis +   Y - +1 war axe (elec)
rCold   + . .      Faith    .   (no shield)
rNeg    . . .      Spirit   .   i - +0 plate armour
rPois   .          Reflect  .   (helmet restricted)
rElec   .          Harm     .   b - +0 cloak
rCorr   .          Rampage  .   d - +1 pair of gloves
Will    .....                   (boots unavailable)
Stlth   ..........              (no amulet)
HPRegen 0.20/turn               j - ring of protection from cold
MPRegen 0.14/turn               a - ring of see invisible

@: lethally poisoned (-4 -> -13), about to teleport, heroic, marked, flying
quickly and evasively, quick
A: beak, talons 3, nimble flight
a: Renounce Religion, Heroism


You were on level 1 of the Lair of Beasts.
You worshipped Okawaru.
Okawaru was pleased with you.
You visited 3 branches of the dungeon, and saw 10 of its levels.

You collected 454 gold pieces.
You spent 45 gold pieces at shops.


Innate Abilities, Weirdness & Mutations

You have a beak for a mouth.
You have claws for feet.
Your magical nature lets you fly swiftly and evasively.


   Skills:
 - Level 6.1(11.1) Fighting
 + Level 12.0(17.0) Axes
 - Level 1.0(6.0) Throwing
 - Level 7.3(12.3) Armour
 - Level 3.6(8.6) Dodging
 - Level 2.0 Spellcasting
 - Level 2.4 Translocations
 - Level 4.1 Invocations


You had 13 spell levels left.
You didn't know any spells.
Your spell library contained the following spells:

 Spells                   Type           Power      Damage    Failure   Level
 Blink                    Tloc           16%        N/A       99%         2
 Gell's Gravitas          Tloc           8%         N/A       100%        3
 Lesser Beckoning         Tloc           8%         N/A       100%        3
 Teleport Other           Tloc           8%         N/A       100%        3
 Manifold Assault         Tloc           8%         N/A       100%        5

Inventory:

Hand Weapons
 k - a +8 hand axe of flaming
 Y - a +1 war axe of electrocution (weapon)
Armour
 b - a +0 cloak (worn)
 d - a +1 pair of gloves (worn)
 i - a +0 plate armour (worn)
Jewellery
 a - a ring of see invisible (right hand)
 j - a ring of protection from cold (left hand)
 p - a ring of protection from cold
Scrolls
 n - a scroll of identify
Potions
 c - a potion of mutation
 e - a potion of resistance {unknown}
 f - 3 potions of curing
 g - 2 potions of heal wounds
 h - a potion of flight {unknown}
 m - a potion of haste

Dungeon Overview and Level Annotations

Branches:
Dungeon (8/15)             Temple (1/1) D:7            Lair (1/5) D:8

Altars:
Ashenzari
Cheibriados
Dithmenos
Elyvilon
Fedhas
Gozag
Hepliaklqana
Kikubaaqudgha
Makhleb
Nemelex Xobeh
Okawaru
Qazlal
Ru
Sif Muna
Trog
Uskayaw
Vehumet
Wu Jian
Xom
Yredelemnul
Zin
The Shining One

Shops:
D:1 :   D:5 *


Message History

A water moccasin comes into view.
The wolf bites you but does no damage.
You miss the wolf. You peck the wolf.
The wolf is moderately wounded.
You slash the cane toad! The wolf closely misses you. The cane toad stings you.
You are poisoned.
The cane toad poisons you!
You slash the cane toad! Your peck misses the cane toad.
The cane toad is heavily wounded.
You completely miss the wolf.
You feel very sick. The wolf bites you but does no damage.
The cane toad closely misses you.
You slash the cane toad!
Lightning courses through the cane toad!
You kill the cane toad!
Okawaru is honoured by your kill.
You hit the wolf.
You feel very sick. The wolf bites you.
A bullfrog comes into view.
The wolf bites you but does no damage.
Your base Armour skill increases to level 7!
You completely miss the wolf. You claw the wolf.
The wolf is severely wounded.
You feel very sick. The wolf bites you. x2
You hit the wolf. You claw the wolf. Your peck misses the wolf.
The wolf is almost dead.
You hit the wolf but do no damage.
You feel very sick. The wolf bites you! The wolf closely misses you.
12092 ||| READING scroll of teleportation.
As you read the scroll of teleportation, it crumbles to dust.
You feel strangely unstable.
You feel very sick. The wolf bites you. The wolf bites you but does no damage.
The water moccasin bites you! The wolf bites you but does no damage.
The wolf bites you.
You die...

..
#..............####....
.
#..............#..#....
#......#####...#.......
#......# ##..#..#....
#....F.# ##.#..#....
#....... #.'.......
##......# #.#..#....
#.....hS# #....#....
......h@# ##.#.......
......%.# #...#.#....
........#######.........
........................
........................
##.####.###############
## ###


You could see a water moccasin, 2 wolves and a bullfrog.

Vanquished Creatures
  A cane toad (Lair:1)
  A gargoyle (D:8)
  3 blink frogs (Lair:1)
  Sigmund (D:4)
  4 yaks (D:8)
  A basilisk (Lair:1)
  4 water moccasins
  An ice beast (D:6)
  A sky beast (D:6)
  2 black bears
  An ogre (D:5)
  6 wolves (Lair:1)
  3 centaurs
  2 bullfrogs
  2 scorpions
  2 howler monkeys (D:8)
  4 orc priests (D:6)
  A gnoll bouda (D:7)
  5 hounds
  3 iguanas
  3 orc wizards
  Terence (D:2)
  Robin (D:2)
  4 gnolls
  15 adders
  2 white imps
  An ufetubus (D:7)
  7 dart slugs
  34 orcs
  3 bats (D:1)
  10 endoplasms
  2 giant cockroaches
  12 goblins
  8 hobgoblins
  4 quokkas
  9 ball pythons
  5 frilled lizards
  7 kobolds
  3 rats (D:1)
179 creatures vanquished.

Vanquished Creatures (others)
  2 howler monkeys (D:7)
  3 fungi (Lair:1)
  A plant (Lair:1)
6 creatures vanquished.

Grand Total: 185 creatures vanquished

Notes
Turn   | Place    | Note
-------+----------+-------------------------------------------
     0 | D:1      | qw the Tengu Warper began the quest for the Orb.
     0 | D:1      | Reached XP level 1. HP: 12/12 MP: 4/4
     0 | D:1      | 0 ||| qw: Version: 0.1-a-89-g26bdef1
     0 | D:1      | 0 ||| qw: Game counter: 2278
     0 | D:1      | 0 ||| qw: Always use a shield: true
     0 | D:1      | 0 ||| qw: God list: Okawaru
     0 | D:1      | 0 ||| qw: Allow faded altars: false
     0 | D:1      | 0 ||| qw: Do Orc after D:15 true
     0 | D:1      | 0 ||| qw: Do second Lair branch before Depths: true
     0 | D:1      | 0 ||| qw: Lair rune preference: random
     0 | D:1      | 0 ||| qw: Plans: Normal
     0 | D:1      | 0 ||| PLANNING D:1-11
    20 | D:1      | 20 ||| Stepping ~*~*~tactically~*~*~ (hiding).
   300 | D:1      | HP: 3/12 [gnoll/+0 flail (9)]
   302 | D:1      | Reached skill level 3 in Axes
   302 | D:1      | Reached XP level 2. HP: 4/17 MP: 6/6
   593 | D:1      | Found Sucha's Vocational Training.
   638 | D:1      | 638 ||| Stepping ~*~*~tactically~*~*~ (stealth).
   817 | D:1      | Reached XP level 3. HP: 21/21 MP: 7/7
  1028 | D:1      | 1028 ||| Stepping ~*~*~tactically~*~*~ (stealth).
  1029 | D:1      | 1029 ||| Stepping ~*~*~tactically~*~*~ (stealth).
  1030 | D:1      | 1030 ||| Stepping ~*~*~tactically~*~*~ (stealth).
  1031 | D:1      | 1031 ||| Stepping ~*~*~tactically~*~*~ (stealth).
  1118 | D:1      | Reached skill level 4 in Axes
  1395 | D:1      | 1395 ||| READING scroll labelled JESHRA JOIQOZU.
  1396 | D:1      | 1396 ||| READING scroll labelled MEHUMY YTWIEL.
  1397 | D:1      | 1397 ||| DRINKING 2 silvery potions.
  1398 | D:1      | 1398 ||| DROPPING scroll of blinking.
  1517 | D:2      | 1517 ||| Stepping ~*~*~tactically~*~*~ (hiding).
  1943 | D:2      | Reached XP level 4. HP: 26/26 MP: 8/8
  2116 | D:2      | Reached skill level 5 in Axes
  2254 | D:2      | Found a glowing silver altar of Zin.
  2437 | D:2      | Noticed Terence
  2450 | D:2      | HP: 6/26 [Terence/+0 short sword (5)]
  2452 | D:2      | Killed Terence
  2732 | D:2      | Identified the +3 robe of a Gauntlet {rCorr Int+7}
  2816 | D:2      | Gained mutation: Your magical nature lets you fly swiftly
                  | and evasively. [Tengu growth]
  2816 | D:2      | Reached XP level 5. HP: 26/30 MP: 9/9
  2878 | D:2      | 2878 ||| Stepping ~*~*~tactically~*~*~ (hiding).
  2980 | D:2      | 2980 ||| Stepping ~*~*~tactically~*~*~ (hiding).
  3013 | D:2      | 3013 ||| Stepping ~*~*~tactically~*~*~ (hiding).
  3037 | D:2      | 3037 ||| FLEEEEING.
  3038 | D:2      | 3038 ||| FLEEEEING.
  3039 | D:2      | 3039 ||| FLEEEEING.
  3040 | D:2      | 3040 ||| FLEEEEING.
  3041 | D:2      | 3041 ||| FLEEEEING.
  3042 | D:2      | 3042 ||| FLEEEEING.
  3043 | D:2      | 3043 ||| FLEEEEING.
  3044 | D:2      | 3044 ||| FLEEEEING.
  3045 | D:2      | 3045 ||| FLEEEEING.
  3046 | D:2      | 3046 ||| FLEEEEING.
  3047 | D:2      | 3047 ||| FLEEEEING.
  3048 | D:2      | 3048 ||| FLEEEEING.
  3049 | D:2      | 3049 ||| FLEEEEING.
  3050 | D:2      | 3050 ||| FLEEEEING.
  3051 | D:2      | 3051 ||| FLEEEEING.
  3052 | D:2      | 3052 ||| FLEEEEING.
  3053 | D:2      | 3053 ||| FLEEEEING.
  3054 | D:2      | 3054 ||| FLEEEEING.
  3055 | D:2      | 3055 ||| FLEEEEING.
  3056 | D:2      | 3056 ||| FLEEEEING.
  3057 | D:2      | 3057 ||| FLEEEEING.
  3058 | D:2      | 3058 ||| FLEEEEING.
  3351 | D:2      | 3351 ||| Stepping ~*~*~tactically~*~*~ (stealth).
  3353 | D:2      | 3353 ||| Stepping ~*~*~tactically~*~*~ (hiding).
  3356 | D:2      | 3356 ||| Stepping ~*~*~tactically~*~*~ (hiding).
  3475 | D:2      | Noticed Robin
  3487 | D:2      | Killed Robin
  3924 | D:2      | Reached skill level 6 in Axes
  4176 | D:2      | 4176 ||| UPGRADING to +0 ring mail.
  4186 | D:2      | 4186 ||| DROPPING +0 leather armour.
  4187 | D:2      | 4187 ||| UPGRADING to +0 chain mail.
  4197 | D:2      | 4197 ||| DROPPING +0 ring mail.
  4198 | D:2      | 4198 ||| READING scroll labelled BEOFUH COALUI.
  4199 | D:2      | 4199 ||| READING scroll labelled KYKLATSUIK.
  4200 | D:2      | 4200 ||| READING scroll labelled JEOPTU KONUME.
  4201 | D:2      | 4201 ||| READING scroll labelled DOSORU SEMIBB.
  4205 | D:2      | 4205 ||| DRINKING 2 lumpy sapphire potions.
  4206 | D:2      | 4206 ||| DRINKING 2 green potions.
  4207 | D:2      | 4207 ||| READING 2 scrolls of identify.
  4207 | D:2      | 4207 ||| IDENTIFYING murky inky potion
  4208 | D:2      | 4208 ||| DROPPING potion of invisibility.
  4209 | D:2      | 4209 ||| DROPPING potion of lignification.
  4276 | D:3      | Identified the +4 short sword of Wausaj {chaos, Fragile
                  | rCorr MP+9}
  4308 | D:3      | 4308 ||| Stepping ~*~*~tactically~*~*~ (stealth).
  4572 | D:3      | 4572 ||| SWAPPING to +3 vorpal hand axe.
  4573 | D:3      | 4573 ||| DROPPING +0 hand axe.
  4659 | D:3      | 4659 ||| Stepping ~*~*~tactically~*~*~ (stealth).
  4662 | D:3      | 4662 ||| Stepping ~*~*~tactically~*~*~ (stealth).
  4664 | D:3      | 4664 ||| Stepping ~*~*~tactically~*~*~ (stealth).
  4842 | D:3      | Reached XP level 6. HP: 33/35 MP: 10/10
  5345 | D:3      | 5345 ||| UPGRADING to +0 cloak.
  5350 | D:3      | 5350 ||| UPGRADING to +0 pair of gloves.
  5355 | D:3      | 5355 ||| READING 2 scrolls of identify.
  5355 | D:3      | 5355 ||| IDENTIFYING bubbling purple potion
  5356 | D:3      | 5356 ||| DROPPING potion of magic.
  5392 | D:4      | Found a stormy altar of Qazlal.
  5398 | D:4      | Found a blossoming altar of Fedhas.
  5409 | D:4      | 5409 ||| Stepping ~*~*~tactically~*~*~ (hiding).
  5550 | D:4      | Reached skill level 7 in Axes
  5621 | D:4      | 5621 ||| Stepping ~*~*~tactically~*~*~ (hiding).
  5642 | D:4      | 5642 ||| Stepping ~*~*~tactically~*~*~ (stealth).
  5709 | D:4      | Noticed Sigmund
  5718 | D:4      | Killed Sigmund
  5719 | D:4      | Reached XP level 7. HP: 26/43 MP: 11/11
  5735 | D:4      | 5735 ||| FLEEEEING.
  5736 | D:4      | 5736 ||| FLEEEEING.
  5942 | D:4      | Found an opulent altar of Gozag.
  5999 | D:4      | 5999 ||| Stepping ~*~*~tactically~*~*~ (stealth).
  6000 | D:4      | 6000 ||| Stepping ~*~*~tactically~*~*~ (stealth).
  6038 | D:4      | 6038 ||| DROPPING +0 flail.
  6148 | D:4      | 6148 ||| UPGRADING to ring of protection from cold.
  6149 | D:4      | 6149 ||| READING 5 scrolls labelled LUTOKICUO.
  6150 | D:4      | 6150 ||| READING 4 scrolls of enchant weapon.
  6150 | D:4      | 6150 ||| ENCHANTING +4 vorpal hand axe.
  6151 | D:4      | 6151 ||| READING 3 scrolls of enchant weapon.
  6151 | D:4      | 6151 ||| ENCHANTING +5 vorpal hand axe.
  6152 | D:4      | 6152 ||| READING 2 scrolls of enchant weapon.
  6152 | D:4      | 6152 ||| ENCHANTING +6 vorpal hand axe.
  6153 | D:4      | 6153 ||| READING scroll of enchant weapon.
  6153 | D:4      | 6153 ||| ENCHANTING +7 vorpal hand axe.
  6154 | D:4      | 6154 ||| READING scroll labelled VIXONT WYPLIUGO.
  6155 | D:4      | 6155 ||| DROPPING +3 flail of venom.
  6156 | D:4      | 6156 ||| READING scroll labelled ZERODO NODD.
  6157 | D:4      | 6157 ||| READING scroll labelled VAUGIG MITU.
  6316 | D:5      | Entered Level 5 of the Dungeon
  6531 | D:5      | Found Wabec's Whimsical Warehouse.
  6540 | D:5      | 6540 ||| BUYING +0 war axe (45 gold).
  6540 | D:5      | Bought a +0 war axe for 45 gold pieces
  6540 | D:5      | 6540 ||| SHOPLISTING ring of willpower (325 gold, have
                  | 209).
  6540 | D:5      | 6540 ||| SWAPPING to +0 war axe.
  6588 | D:5      | Reached skill level 3 in Armour
  6842 | D:5      | HP: 5/43 [ogre/+0 giant club (24)]
  6843 | D:5      | 6843 ||| DRINKING 2 potions of heal wounds.
  6845 | D:5      | 6845 ||| DRINKING potion of heal wounds.
  6848 | D:5      | 6848 ||| FLEEEEING.
  6849 | D:5      | 6849 ||| FLEEEEING.
  6858 | D:5      | 6858 ||| FLEEEEING.
  6859 | D:5      | 6859 ||| FLEEEEING.
  6860 | D:5      | 6860 ||| FLEEEEING.
  6861 | D:5      | 6861 ||| FLEEEEING.
  6862 | D:5      | 6862 ||| FLEEEEING.
  6863 | D:5      | 6863 ||| FLEEEEING.
  6864 | D:5      | 6864 ||| FLEEEEING.
  6877 | D:5      | 6877 ||| FLEEEEING.
  6878 | D:5      | 6878 ||| FLEEEEING.
  6879 | D:5      | 6879 ||| FLEEEEING.
  6880 | D:5      | 6880 ||| FLEEEEING.
  6881 | D:5      | 6881 ||| FLEEEEING.
  6882 | D:5      | 6882 ||| FLEEEEING.
  6883 | D:5      | 6883 ||| FLEEEEING.
  6884 | D:5      | 6884 ||| FLEEEEING.
  6885 | D:5      | 6885 ||| FLEEEEING.
  6886 | D:5      | 6886 ||| FLEEEEING.
  6897 | D:5      | 6897 ||| FLEEEEING.
  6898 | D:5      | 6898 ||| FLEEEEING.
  6899 | D:5      | 6899 ||| FLEEEEING.
  6900 | D:5      | 6900 ||| FLEEEEING.
  6915 | D:5      | 6915 ||| FLEEEEING.
  6916 | D:5      | 6916 ||| FLEEEEING.
  6917 | D:5      | 6917 ||| FLEEEEING.
  6918 | D:5      | 6918 ||| FLEEEEING.
  6919 | D:5      | 6919 ||| STAIRDANCE
  6973 | D:4      | 6973 ||| UPGRADING to ring of see invisible.
  6974 | D:4      | 6974 ||| READING scroll labelled FARPHU BUPEIH.
  6987 | D:5      | 6987 ||| STAIRDANCE
  7098 | D:5      | 7098 ||| Stepping ~*~*~tactically~*~*~ (stealth).
  7302 | D:5      | Reached skill level 8 in Axes
  7302 | D:5      | Reached XP level 8. HP: 35/48 MP: 12/12
  7644 | D:5      | 7644 ||| UPGRADING to +0 plate armour.
  7654 | D:5      | 7654 ||| DROPPING +0 chain mail.
  7764 | D:6      | 7764 ||| Stepping ~*~*~tactically~*~*~ (hiding).
  7766 | D:6      | 7766 ||| Stepping ~*~*~tactically~*~*~ (hiding).
  7767 | D:6      | 7767 ||| Stepping ~*~*~tactically~*~*~ (hiding).
  7769 | D:6      | 7769 ||| Stepping ~*~*~tactically~*~*~ (hiding).
  7770 | D:6      | 7770 ||| Stepping ~*~*~tactically~*~*~ (hiding).
  7792 | D:6      | Reached skill level 9 in Axes
  7863 | D:6      | 7863 ||| READING scroll of enchant armour.
  7863 | D:6      | 7863 ||| ENCHANTING +0 pair of gloves.
  7864 | D:6      | Found a broken altar of Ashenzari.
  7969 | D:6      | 7969 ||| Stepping ~*~*~tactically~*~*~ (hiding).
  8005 | D:6      | 8005 ||| Stepping ~*~*~tactically~*~*~ (stealth).
  8008 | D:6      | 8008 ||| SWAPPING to +0 war axe of electrocution.
  8009 | D:6      | 8009 ||| DROPPING +0 war axe.
  8010 | D:6      | 8010 ||| Stepping ~*~*~tactically~*~*~ (stealth).
  8061 | D:6      | Found a hide-covered altar of Uskayaw.
  8360 | D:6      | 8360 ||| Stepping ~*~*~tactically~*~*~ (hiding).
  8361 | D:6      | 8361 ||| Stepping ~*~*~tactically~*~*~ (hiding).
  8461 | D:6      | 8461 ||| Stepping ~*~*~tactically~*~*~ (hiding).
  8462 | D:6      | 8462 ||| Stepping ~*~*~tactically~*~*~ (hiding).
  8468 | D:6      | Reached skill level 10 in Axes
  8694 | D:6      | 8694 ||| Stepping ~*~*~tactically~*~*~ (stealth).
  8700 | D:6      | 8700 ||| Stepping ~*~*~tactically~*~*~ (stealth).
  8709 | D:6      | Reached XP level 9. HP: 50/54 MP: 13/13
  9141 | D:6      | 9141 ||| DROPPING ring of ice.
  9142 | D:6      | 9142 ||| DROPPING +6 ring of intelligence.
  9143 | D:6      | 9143 ||| READING scroll labelled CUOXTUSMIKOO.
  9193 | D:7      | 9193 ||| STAIRDANCE
  9200 | D:7      | 9200 ||| STAIRDANCE
  9212 | D:7      | 9212 ||| STAIRDANCE
  9556 | D:7      | Found a staircase to the Ecumenical Temple.
  9557 | D:7      | 9557 ||| PLANNING TEMPLE
  9557 | D:7      | 9557 ||| DRINKING 3 black potions.
  9558 | D:7      | 9558 ||| READING 2 scrolls of identify.
  9558 | D:7      | 9558 ||| IDENTIFYING grey potion
  9559 | D:7      | 9559 ||| DROPPING potion of degeneration.
  9560 | D:7      | 9560 ||| DROPPING 2 potions of attraction.
  9565 | Temple   | Entered the Ecumenical Temple
  9574 | Temple   | Became a worshipper of Warmaster Okawaru
  9687 | Temple   | 9687 ||| PLANNING D:1-11
  9736 | D:7      | 9736 ||| Stepping ~*~*~tactically~*~*~ (hiding).
  9737 | D:7      | 9737 ||| Stepping ~*~*~tactically~*~*~ (hiding).
 10411 | D:7      | 10411 ||| READING scroll of enchant weapon.
 10411 | D:7      | 10411 ||| ENCHANTING +0 war axe of electrocution.
 10527 | D:7      | 10527 ||| DROPPING ring of magical power.
 10528 | D:7      | 10528 ||| DRINKING 2 yellow potions.
 10559 | D:8      | Noticed a gargoyle
 10579 | D:8      | Killed a gargoyle
 10580 | D:8      | Reached skill level 11 in Axes
 10714 | D:8      | 10714 ||| Stepping randomly (stuck).
 10715 | D:8      | 10715 ||| Stepping randomly (stuck).
 10731 | D:8      | 10731 ||| Stepping randomly (stuck).
 10773 | D:8      | 10773 ||| DRINKING 3 potions of curing.
 10773 | D:8      | 10773 ||| (to cure confusion)
 10850 | D:8      | Found a staircase to the Lair.
 11152 | D:8      | 11152 ||| READING 2 scrolls of identify.
 11152 | D:8      | 11152 ||| IDENTIFYING sedimented amethyst potion
 11153 | D:8      | 11153 ||| Stepping randomly (stuck).
 11154 | D:8      | 11154 ||| Stepping randomly (stuck).
 11175 | D:8      | 11175 ||| Stepping randomly (stuck).
 11176 | D:8      | 11176 ||| Stepping randomly (stuck).
 11177 | D:8      | 11177 ||| Stepping randomly (stuck).
 11178 | D:8      | 11178 ||| Stepping randomly (stuck).
 11179 | D:8      | 11179 ||| Stepping randomly (stuck).
 11180 | D:8      | 11180 ||| Stepping randomly (stuck).
 11181 | D:8      | 11181 ||| Stepping randomly (stuck).
 11182 | D:8      | 11182 ||| Stepping randomly (stuck).
 11183 | D:8      | 11183 ||| Stepping randomly (stuck).
 11184 | D:8      | 11184 ||| Stepping randomly (stuck).
 11186 | D:8      | 11186 ||| Stepping randomly (stuck).
 11187 | D:8      | 11187 ||| Stepping randomly (stuck).
 11188 | D:8      | 11188 ||| Stepping randomly (stuck).
 11190 | D:8      | 11190 ||| Stepping randomly (stuck).
 11191 | D:8      | 11191 ||| Stepping randomly (stuck).
 11192 | D:8      | 11192 ||| Stepping randomly (stuck).
 11193 | D:8      | 11193 ||| Stepping randomly (stuck).
 11194 | D:8      | 11194 ||| Stepping randomly (stuck).
 11208 | D:8      | Reached skill level 6 in Armour
 11210 | D:8      | Reached * piety under Okawaru
 11211 | D:8      | 11211 ||| INVOKING Heroism.
 11215 | D:8      | Reached skill level 1 in Invocations
 11231 | D:8      | 11231 ||| INVOKING Heroism.
 11511 | D:8      | Reached skill level 12 in Axes
 11523 | D:8      | 11523 ||| Stepping randomly (stuck).
 11524 | D:8      | 11524 ||| Stepping randomly (stuck).
 11525 | D:8      | 11525 ||| INVOKING Heroism.
 11762 | D:8      | 11762 ||| PLANNING LAIR
 11762 | D:8      | 11762 ||| READING scroll labelled JUAGAJ LECZA.
 11775 | Lair:1   | Entered Level 1 of the Lair of Beasts
 11781 | Lair:1   | 11781 ||| Stepping ~*~*~tactically~*~*~ (stealth).
 11789 | Lair:1   | Reached XP level 10. HP: 42/59 MP: 14/14
 11790 | Lair:1   | 11790 ||| INVOKING Heroism.
 11793 | Lair:1   | Reached skill level 3 in Invocations
 11848 | Lair:1   | 11848 ||| Stepping ~*~*~tactically~*~*~ (stealth).
 11849 | Lair:1   | 11849 ||| INVOKING Heroism.
 11861 | Lair:1   | Reached skill level 6 in Fighting
 11948 | Lair:1   | 11948 ||| Stepping ~*~*~tactically~*~*~ (stealth).
 12070 | Lair:1   | 12070 ||| INVOKING Heroism.
 12079 | Lair:1   | Noticed a cane toad
 12082 | Lair:1   | Reached ** piety under Okawaru
 12083 | Lair:1   | Reached skill level 3 in Dodging
 12086 | Lair:1   | 12086 ||| INVOKING Heroism.
 12089 | Lair:1   | Killed a cane toad
 12091 | Lair:1   | HP: 14/60 [wolf (7)]
 12092 | Lair:1   | 12092 ||| READING scroll of teleportation.
 12092 | Lair:1   | HP: 2/60 [water moccasin (7)]
 12092 | Lair:1   | Slain by a wolf

Levels and vault maps discovered:
D:1:      minmay_arrival_four_circles, layout_basic, nicolae_shop_vocational
D:2:      layout_loops_corners, basic_altar, columned_hall_lemuel,
          minmay_snake_closets, uniq_terence, uniq_robin
D:3:      layout_basic, serial_rivers, chequers_serial_rivers_large_b,
          chequers_serial_rivers_micro_e, chequers_serial_rivers_micro_b,
          chequers_serial_rivers_small_3
D:4:      layout_rooms, grunt_temple_overflow_forces_of_nature,
          mainiacjoe_overflow_small_starburst, uniq_sigmund
D:5:      layout_loops_ring, nicolae_alphabet_shops
D:6:      cheibrodos_quashed, layout_layer_cave,
          nicolae_uskayaw_murder_on_the_dancefloor, ashenzari_altar_1
D:7:      layout_basic, minmay_temple_entry_glassed_door, lemuel_flamethrower_2
D:8:      layout_loops_corners, dpeg_oklobed_lair, hangedman_glass_teeth,
          grunt_decor_clamped, reono_crystal_passage
Temple:   nicolae_temple_bog_church
Lair:1:   layout_chaotic_city, grunt_megastairs_5

Skill      XL: |  1  2  3  4  5  6  7  8  9 10 |
---------------+-------------------------------+-----
Axes           | 3 4 5 6 7 8 10 12 | 12.0
Armour         | 2 3 5 6 7 |  7.3
Fighting       | 4 5 6 |  6.1
Invocations    | 2 4 |  4.1
Dodging        | 3 |  3.6
Throwing       | |  1.0
Spellcasting   | |  2.0
Translocations | |  2.4

Action                   |  1- 3 |  4- 6 |  7- 9 | 10-12 || total
-------------------------+-------+-------+-------+-------++-------
Melee: Hand axe          |    66 |   160 |    18 |       ||   244
       Peck              |    10 |    21 |    58 |     6 ||    95
       Kick              |    13 |    44 |    79 |     9 ||   145
       Punch             |       |     1 |     4 |       ||     5
       War axe           |       |       |   258 |    33 ||   291
Throw: Boomerang         |     7 |       |       |       ||     7
Invok: Heroism           |       |       |     3 |     4 ||     7
  Use: Scroll            |     2 |     6 |    15 |     1 ||    24
       Potion            |     1 |     2 |     5 |       ||     8
 Stab: Distracted        |       |     1 |       |       ||     1
       Sleeping          |       |     1 |       |       ||     1
Armor: Leather armour    |     9 |    11 |       |       ||    20
       Chain mail        |       |    27 |    42 |       ||    69
       Plate armour      |       |       |   119 |    21 ||   140
Dodge: Dodged            |    28 |    59 |   101 |    18 ||   206

Table legend:
 A = Non-vault XP
 B = Vault XP
 C = Vault XP percentage of total XP
 D = Non-vault monster count
 E = Vault monster count
 F = Vault count percentage of total count
                 A         B        C        D         E       F
            +---------+---------+-------+---------+---------+-------
      Total |    6361 |     395 |   5.8 |     154 |      25 |  14.0
            +---------+---------+-------+---------+---------+-------
        D:1 |      53 |       0 |   0.0 |      26 |       0 |   0.0
        D:2 |      42 |     164 |  79.6 |      12 |      24 |  66.7
        D:3 |      67 |       0 |   0.0 |      17 |       0 |   0.0
        D:4 |     161 |     231 |  58.9 |      16 |       1 |   5.9
        D:5 |     514 |       0 |   0.0 |      13 |       0 |   0.0
        D:6 |    1280 |       0 |   0.0 |      35 |       0 |   0.0
        D:7 |     286 |       0 |   0.0 |       8 |       0 |   0.0
        D:8 |    1738 |       0 |   0.0 |      15 |       0 |   0.0
     Lair:1 |    2220 |       0 |   0.0 |      12 |       0 |   0.0
            +---------+---------+-------+---------+---------+-------
